 Dungeon Crawl Stone Soup version 0.30-a0-728-gc68057be0a (webtiles) character file.

Game seed: 11235453371705089662

54 BigDaddyOpFi the Trooper (level 3, -6/33 HPs)
             Began as a Hill Orc Fighter on Jan 30, 2023.
             Mangled by Sigmund
             ... wielding a +3 scythe of protection
              (8 damage)
             ... on level 2 of the Dungeon.
             The game lasted 00:01:23 (1170 turns).

BigDaddyOpFi the Trooper (Hill Orc Fighter)         Turns: 1170, Time: 00:01:23

Health: -6/33      AC:  7    Str: 19 (20) XL:     3   Next: 91%
Magic:  3/3        EV:  5    Int:  5 (8)  God:
Gold:   49         SH:  0    Dex:  8 (10) Spells: 2/2 levels left

rFire   . . .      SeeInvis .    a - +0 war axe
rCold   . . .      Faith    .    k - +0 tower shield
rNeg    . . .      Spirit   .    b - +0 scale mail
rPois   .          Reflect  .    (no helmet)
rElec   .          Harm     .    (no cloak)
rCorr   .          Rampage  .    (no gloves)
Will    .....                    (no boots) Stlth
                                 (no amulet)
HPRegen 0.25/turn                f - ring of flight
MPRegen 0.08/turn                (no ring)

@: confused, mighty, attractive, flying
A: no striking features
a: no special abilities


You were on level 2 of the Dungeon.
You visited 1 branch of the dungeon, and saw 2 of its levels.

You collected 49 gold pieces.

Inventory:

Hand Weapons
 a - a +0 war axe (weapon)
Armour
 b - a +0 scale mail (worn)
 c - a +0 buckler
 k - a +0 tower shield (worn)
Jewellery
 f - a ring of flight (left hand)
Scrolls
 e - 2 scrolls of teleportation
 i - a scroll of identify
 j - a scroll of silence
 l - a scroll of magic mapping {unknown}
Potions
 g - 2 potions of attraction


   Skills:
 + Level 4.2 Fighting
 + Level 3.4 Axes
 + Level 3.7 Armour
 + Level 3.9 Shields


You had 2 spell levels left.
You didn't know any spells.
Your spell library contained the following spells:

 Spells                   Type           Power      Damage    Failure   Level
 Sting                    Tmut/Pois      0%         1d3       100%        1
 Poisonous Vapours        Pois/Air       0%         N/A       100%        2
 Olgreb's Toxic Radiance  Pois           0%         N/A       100%        4


Dungeon Overview and Level Annotations

Branches:
Dungeon (2/15)

Altars:

Shops:
D:2 (

Annotations:
D:2 Sigmund


Message History

You block Sigmund's attack.
You feel very mighty all of a sudden.
You closely miss Sigmund. Sigmund gestures at you while chanting.
You are confused.
Sigmund hits you with a +3 scythe of protection.
You bump into the rock wall.
Sigmund casts a spell.
Sigmund flickers and vanishes!
Deactivating autopickup; reactivate with Ctrl-A.
You completely miss something. Something hits you but does no damage.
You bump into the rock wall.
Something hits you.
You bump into the rock wall.
You barely miss something.
You feel less confused. You block something's attack. Something hits you.
You barely miss something. Something hits you.
You barely miss something. Something hits you.
You slash something! Something hits you.
* * * LOW HITPOINT WARNING * * *
You closely miss something. Something hits you.
* * * LOW HITPOINT WARNING * * *
You barely miss something. Something hits you.
* * * LOW HITPOINT WARNING * * *
Okay, then.
It was a potion of attraction.
You feel attractive to monsters. Something hits you.
* * * LOW HITPOINT WARNING * * *
It was a potion of degeneration.
There was something very wrong with that liquid.
You feel weakened.
You feel dopey.
You feel clumsy.
You hear some strange, mumbled words.
You are confused.
You are too confused!
You are too confused!
You hit something. Something hits you.
* * * LOW HITPOINT WARNING * * *
You bump into the rock wall.
Something hits you!
You die...

.....#.#####...#####....#####....
...#.#.# #...# #.##.# #....
#..#.#.# #...# #.##.# #####
.†.....# #...#### .##.# #.######
#......# #.# #.# ##.....# ... ..#
###..?# ### ### ##.## #@#
.......{# ##.###..# #..# #...
..#. ## #


There were no monsters in sight!

Vanquished Creatures
  A dart slug (D:1)
  4 ball pythons
  6 bats
  5 endoplasms
  3 giant cockroaches
  4 goblins
  7 hobgoblins
  4 jackals (D:1)
  2 kobolds
  2 quokkas (D:1)
  4 frilled lizards
  2 rats (D:1)
44 creatures vanquished.

Vanquished Creatures (others)
  2 plants (D:2)
2 creatures vanquished.

Grand Total: 46 creatures vanquished

Notes
Turn   | Place    | Note
-------+----------+-------------------------------------------
     0 | D:1      | BigDaddyOpFi the Hill Orc Fighter began the quest for the
                  | Orb.
     0 | D:1      | Reached XP level 1. HP: 19/19 MP: 1/1
    57 | D:1      | Reached XP level 2. HP: 15/27 MP: 2/2
   209 | D:1      | Reached skill level 4 in Fighting
   217 | D:1      | Reached XP level 3. HP: 30/33 MP: 3/3
   999 | D:2      | Found Qoahular's Antique Weapon Shoppe.
  1151 | D:2      | Noticed Sigmund
  1170 | D:2      | Mangled by Sigmund

Illustrated notes

Levels and vault maps discovered:
D:1:      dpeg_arrival_line_fractal, layout_basic, minmay_distorted
D:2:      minmay_angry_zag, layout_loops_cross, shapermc_ecumenical_altar_petra,
          serial_shops, nicolae_shop_overgrown_old_shop, uniq_sigmund

Skill      XL: |  1  2 |
---------------+-------+-----
Axes           | 3 |  3.4
Fighting       | 4 |  4.2
Armour         | |  3.7
Shields        | |  3.9

Action                     || total
---------------------------++-------
  Melee: War axe           ||   114
    Use: Scroll            ||     3
         Potion            ||     3
 Armour: Scale mail        ||    61
  Dodge: Dodged            ||    31
  Block: Buckler           ||    17
         Tower shield      ||    39

Table legend: (Time is in decaauts)
 A = Elapsed time spent in this place.
 B = Non-inter-level travel time spent in this place.
 C = Inter-level travel time spent in this place.
 D = Time resting spent in this place.
 E = Time spent auto-exploring this place.
 F = Levels seen in this place.
 G = Mean time per level.
                   A        B        C        D        E       F      G
               +--------+--------+--------+--------+--------+-----+--------+
         Total |   1234 |   1214 |     20 |      0 |    895 |   2 |  617.0 |
       Dungeon |   1234 |   1214 |     20 |      0 |    895 |   2 |  617.0 |
               +--------+--------+--------+--------+--------+-----+--------+

Top non-repeatable levels by time:
     D:1: 814 daAuts
     D:2: 419 daAuts
